 Dungeon Crawl Stone Soup version 0.30.1-4-g462c640d31 (webtiles) character file.

Game seed: 5759255899986054194

133 Babbit the Covered (level 4, -1/41 HPs)
             Began as a Minotaur Fighter on Aug 17, 2023.
             Slain by Pargi (2 damage)
             ... on level 3 of the Dungeon.
             The game lasted 00:04:48 (1722 turns).

Babbit the Covered (Minotaur Fighter)               Turns: 1722, Time: 00:04:49

Health: -1/41      AC:  9    Str: 23    XL:     4   Next: 94%
Magic:  3/3        EV:  9    Int:  5    God:
Gold:   210        SH:  4    Dex:  9    Spells: 3/3 levels left

rFire   . . .        a - +0 war axe
rCold   . . .        c - +0 buckler
rNeg    + . .        b - +0 scale mail
rPois   .            (helmet restricted)
rElec   .            (no cloak)
rCorr   .            f - +0 pair of gloves
SInv    .            v - +0 pair of boots
Will    .....        (no amulet) Stlth
                     e - ring of positive energy
HPRegen 0.26/turn    r - ring of wizardry
MPRegen 0.08/turn

%: wizardry (x1)
@: mighty
A: horns 2, retaliatory headbutt
a: no special abilities


You were on level 3 of the Dungeon.
You visited 1 branch of the dungeon, and saw 3 of its levels.

You collected 210 gold pieces.

Inventory:

Hand Weapons
 a - a +0 war axe (weapon)
Armour
 b - a +0 scale mail (worn)
 c - a +0 buckler (worn)
 f - a +0 pair of gloves (worn)
 v - a +0 pair of boots (worn)
Jewellery
 e - a ring of positive energy (left hand)
 j - a ring of flight
 r - a ring of wizardry (right hand)
Scrolls
 g - a scroll of summoning {unknown}
 h - a scroll of poison {unknown}
 i - a scroll of vulnerability {unknown}
 k - a scroll of fear {unknown}
 m - a scroll of teleportation {unknown}
 n - 2 scrolls of enchant weapon {unknown}
 o - 2 scrolls of identify {unknown}
 p - 2 scrolls of immolation {unknown}
 s - a scroll of enchant armour {unknown}
 t - 2 scrolls of magic mapping {unknown}
Potions
 l - a potion of berserk rage {unknown}
 q - a potion of flight {unknown}
 u - a potion of heal wounds {unknown}


   Skills:
 + Level 4.4 Fighting
 + Level 4.3 Axes
 + Level 4.6 Armour
 + Level 0.5 Dodging
 + Level 4.2 Shields


You had 3 spell levels left.
You didn't know any spells.
Your spell library contained the following spells:

 Spells                   Type           Power      Damage    Failure   Level
 Sting                    Tmut/Pois      0%         1d3       50%         1
 Poisonous Vapours        Pois/Air       0%         N/A       65%         2
 Olgreb's Toxic Radiance  Pois           0%         N/A       99%         4


Dungeon Overview and Level Annotations

Branches:
Dungeon (3/15)

Altars:

Annotations:
D:3 Pargi


Innate Abilities, Weirdness & Mutations

You have a pair of horns on your head.
You reflexively headbutt those who attack you in melee.


Message History

Terence hits you but does no damage.
Terence says, "You're history."
Terence barely misses you.
You slash Terence!
You kill Terence!
Your Axes skill increases to level 4!
You start resting.
Pargi the Meek comes into view.
Found a sedimented black potion.
Pargi shouts!
Things that are here:
a +0 mace; a +0 scale mail; a wand of flame (22) Pargi snarls, "Go!
Away!"
You see here a +0 long sword.
You feel very mighty all of a sudden.
You closely miss Pargi. Your headbutt misses Pargi. Pargi bites you.
Pargi claws you but does no damage. Pargi closely misses you.
You closely miss Pargi. Pargi bites you but does no damage.
You block Pargi's attack. Pargi claws you. Pargi bites you.
Pargi closely misses you. Pargi claws you.
You closely miss Pargi. Pargi bites you.
* * * LOW HITPOINT WARNING * * *
Pargi barely misses you. x2
You miss Pargi. You headbutt Pargi!
Pargi is heavily wounded.
You block Pargi's attack. Pargi claws you but does no damage.
Pargi barely misses you.
You slash Pargi! Your headbutt misses Pargi.
Pargi is severely wounded.
Pargi bites you but does no damage. Pargi claws you.
* * * LOW HITPOINT WARNING * * *
Pargi claws you but does no damage.
You closely miss Pargi. You headbutt Pargi!
Pargi is almost dead.
Pargi bites you!
* * * LOW HITPOINT WARNING * * *
Pargi claws you but does no damage. x2; Pargi bites you.
* * * LOW HITPOINT WARNING * * *
Pargi closely misses you. Pargi claws you.
You die...

............
.########8.8 #.#
..## 8.8 #..# ...##
.. #... ....##
##..# .....## ##..#
......## ##...#
###....##
##....###...
####..##
##..)@T......
##..###)...####..!.
##..#.)...# #
##...)...#
###.....# #######


You could see Pargi.

Vanquished Creatures
  An orc priest (D:3)
  Terence (D:3)
  3 adders
  3 dart slugs
  2 orcs (D:3)
  5 bats
  3 endoplasms (D:1)
  A giant cockroach (D:1)
  5 goblins
  2 hobgoblins
  4 kobolds
  3 quokkas
  6 ball pythons
  6 frilled lizards
  2 rats (D:3)
47 creatures vanquished.

Notes
Turn   | Place    | Note
-------+----------+-------------------------------------------
     0 | D:1      | Babbit the Minotaur Fighter began the quest for the Orb.
     0 | D:1      | Reached XP level 1. HP: 19/19 MP: 0/0
   118 | D:1      | Reached XP level 2. HP: 27/27 MP: 1/1
   441 | D:1      | Found a faded altar of an unknown god.
   780 | D:2      | Reached XP level 3. HP: 33/33 MP: 2/2
  1512 | D:3      | Reached XP level 4. HP: 40/40 MP: 3/3
  1682 | D:3      | Noticed Terence
  1693 | D:3      | Killed Terence
  1713 | D:3      | Noticed Pargi
  1722 | D:3      | HP: 1/41 [Pargi (3)]
  1722 | D:3      | Slain by Pargi

Illustrated notes

Levels and vault maps discovered:
D:1:      minmay_arrival_four_circles, layout_basic,
          shapermc_ecumenical_altar_pompeii, grunt_decor_resistance,
          wander_ebering_terrifying_dragon_lair
D:2:      layout_basic, minmay_pentomino_z4
D:3:      layout_basic, dreamdust_divine_triumvirate, uniq_pargi, uniq_terence

Skill      XL: |  1  2  3  4 |
---------------+-------------+-----
Shields        | 4 |  4.2
Armour         | 4 |  4.6
Fighting       | 4 |  4.4
Axes           | 3 4 |  4.3
Dodging        | |  0.5

Action                     |  1- 3 |  4- 6 || total
---------------------------+-------+-------++-------
  Melee: War axe           |    92 |    24 ||   116
         Headbutt          |     9 |     5 ||    14
    Use: Potion            |       |     1 ||     1
 Armour: Scale mail        |    41 |    16 ||    57
  Dodge: Dodged            |    39 |    10 ||    49
  Block: Buckler           |    19 |     3 ||    22
